 Dungeon Crawl Stone Soup version 0.26-a0-651-gb41185065b (webtiles) character file.

Game seed: 1461969951089616063

60 Irenicus the Chopper (level 4, -3/39 HPs)
             Began as a Hill Orc Fighter on Oct 28, 2020.
             Slain by an iguana (5 damage)
             ... on level 2 of the Dungeon.
             The game lasted 00:02:08 (399 turns).

Irenicus the Chopper (Hill Orc Fighter)              Turns: 399, Time: 00:02:09

Health: -3/39      AC:  6    Str: 18    XL:     4   Next: 4%
Magic:  4/4        EV:  7    Int:  8    God:
Gold:   11         SH:  9    Dex: 11    Spells: 3/3 levels left

rFire    . . .     SeeInvis .   a - +0 war axe
rCold    . . .     Faith    .   c - +0 kite shield
rNeg     . . .     Spirit   .   b - +0 scale mail
rPois    .         Reflect  .   (no helmet)
rElec    .         Harm     .   (no cloak)
rCorr    .         Rampage  .   (no gloves)
MR       .....                  (no boots)
Stlth    ..........             (no amulet)
HPRegen  0.13/turn              (no ring)
MPRegen  0.09/turn              (no ring)

@: mighty
A: no striking features
a: no special abilities


You were on level 2 of the Dungeon.
You visited 1 branch of the dungeon, and saw 2 of its levels.

You collected 11 gold pieces.

Inventory:

Hand Weapons
 a - a +0 war axe (weapon)
Armour
 b - a +0 scale mail (worn)
 c - a +0 kite shield (worn)
Scrolls
 f - 2 scrolls of amnesia {unknown}
 g - 2 scrolls of identify {unknown}
 h - a scroll of remove curse {unknown}
 i - a scroll of teleportation {unknown}
Potions
 e - a potion of haste {unknown}


   Skills:
 - Level 3.6 Fighting
 + Level 5.6 Axes
 - Level 3.2 Armour
 - Level 3.2 Shields


You had 3 spell levels left.
You didn't know any spells.
Your spell library was empty.

Dungeon Overview and Level Annotations

Branches:
Dungeon (2/15)

Altars:


Message History

You kill the bat!
f - 2 scrolls labeled SUWE LUBAUMA (gained 1)
A bat comes into view.
The bat closely misses you.
You barely miss the bat. The bat hits you but does no damage.
You slash the bat!
You kill the bat!
You see here a bat corpse.
A goblin comes into view. It is wielding a +0 dagger.
The goblin shouts!
Found a stone staircase leading down.
You closely miss the goblin. The goblin hits you but does no damage.
A quokka comes into view.
You hit the goblin but do no damage. You block the goblin's attack.
The goblin hits you with a +0 dagger.
You take 4 damage, and have 27/31 hp.
You closely miss the goblin. The goblin hits you but does no damage.
You hit the goblin.
You kill the goblin!
The quokka barely misses you.
Things that are here:
a +0 dagger; a goblin corpse You hit the quokka.
The quokka is severely wounded.
The quokka bites you but does no damage.
The quokka twitches its whiskers.
The quokka bites you.
An ooze comes into view.
You take 2 damage, and have 25/31 hp.
You closely miss the quokka.
The quokka is severely wounded.
The ooze quivers.
The quokka bites you but does no damage.
You hit the quokka.
You kill the quokka!
The ooze jiggles.
You see here a quokka corpse.
You hit the ooze.
The ooze is moderately wounded.
You block the ooze's attack.
A hobgoblin comes into view. It is wielding a +0 club.
The ooze completely misses you.
The hobgoblin shouts!
You slash the ooze!
You kill the ooze!
Your Axes skill increases to level 5!
A gnoll comes into view. It is wielding a +0 flail.
The gnoll shouts!
You hit the hobgoblin but do no damage.
You hear a shout!
You block the hobgoblin's attack.
A gnoll comes into view. It is wielding a +0 halberd.
You hear a shout!
The gnoll shouts!
You hit the hobgoblin but do no damage. The hobgoblin barely misses you.
The hobgoblin hits you but does no damage.
You closely miss the hobgoblin.
The hobgoblin hits you but does no damage.
You hit the hobgoblin.
The hobgoblin is heavily wounded.
The hobgoblin barely misses you.
You slash the hobgoblin!
You kill the hobgoblin!
The gnoll closely misses you.
An iguana comes into view.
A gnoll comes into view. It is wielding a +0 spear.
A gnoll comes into view. It is wielding a +0 club.
The gnoll hits you with a +0 halberd.
You take 5 damage, and have 22/31 hp.
The iguana hisses angrily.
You slash the gnoll!
The gnoll is severely wounded.
You hit the gnoll. You block the gnoll's attack. The gnoll barely misses you.
You hit the gnoll.
The gnoll is almost dead.
You hit the gnoll. The gnoll barely misses you.
The gnoll hits you but does no damage. The gnoll hits you with a +0 flail!
You take 10 damage, and have 12/31 hp.
MASSIVE DAMAGE!!
You hit the gnoll.
You kill the gnoll!
You hit the gnoll.
You kill the gnoll!
You have reached level 4!
You regained 4 hp, and now have 16/39 hp.
MP restored: 4 You closely miss the iguana.
The iguana bites you but does no damage.
You barely miss the iguana. The iguana bites you!
* * * LOW HITPOINT WARNING * * *
The iguana barely misses you.
You take 12 damage, and have 4/39 hp.
MASSIVE DAMAGE!!
You feel very mighty all of a sudden. The iguana barely misses you.
You closely miss the iguana. The iguana bites you.
* * * LOW HITPOINT WARNING * * *
You take 3 damage, and have 1/39 hp.
You barely miss the iguana.
The iguana hisses menacingly.
The iguana bites you.
You die...

#..#########
######..########
...............#
######..######.#
#...## #.#...#
#.##.)#># #.
#l†#.#
.####.##@.#.#
.....gg....#
..#####)..##
##)## #.# #.#
#.. #.. #...


You could see an iguana and 2 gnolls.

Vanquished Creatures
  2 gnolls (D:2)
  2 oozes
  A ball python (D:1)
  5 bats
  A giant cockroach (D:1)
  4 goblins
  7 hobgoblins
  A quokka (D:2)
  A frilled lizard (D:2)
  2 kobolds (D:1)
  5 rats (D:1)
31 creatures vanquished.

Notes
Turn   | Place    | Note
-------+----------+-------------------------------------------
     0 | D:1      | Irenicus the Hill Orc Fighter began the quest for the Orb.
     0 | D:1      | Reached XP level 1. HP: 19/19 MP: 1/1
    23 | D:1      | Reached skill level 3 in Axes
    46 | D:1      | Reached XP level 2. HP: 24/26 MP: 2/2
    96 | D:1      | Reached skill level 4 in Axes
   211 | D:1      | Reached XP level 3. HP: 30/31 MP: 3/3
   382 | D:2      | Reached skill level 5 in Axes
   393 | D:2      | Reached XP level 4. HP: 16/39 MP: 4/4
   396 | D:2      | HP: 4/39 [iguana (12)]
   398 | D:2      | HP: 1/39 [iguana (3)]
   399 | D:2      | Slain by an iguana

Illustrated notes

Levels and vault maps discovered:
D:1:      mrwooster_arrival_statue_2, layout_basic
D:2:      layout_loops_ring, doesnt_xom_only_xom

Skill      XL: |  1  2  3 |
---------------+----------+-----
Axes           | 3 4 5 |  5.6
Fighting       | |  3.6
Armour         | |  3.2
Shields        | |  3.2

Action                   |  1- 3 |  4- 6 || total
-------------------------+-------+-------++-------
Melee: War axe           |    65 |     4 ||    69
  Use: Potion            |       |     1 ||     1
Armor: Scale mail        |    37 |     1 ||    38
Dodge: Dodged            |    39 |     2 ||    41
Block: Kite shield       |    34 |       ||    34

Table legend: (Time is in decaauts)
 A = Elapsed time spent in this place.
 B = Non-inter-level travel time spent in this place.
 C = Inter-level travel time spent in this place.
 D = Time resting spent in this place.
 E = Time spent auto-exploring this place.
 F = Levels seen in this place.
 G = Mean time per level.
                   A        B        C        D        E       F      G
               +--------+--------+--------+--------+--------+-----+--------+
         Total |    424 |    424 |      0 |      0 |     37 |   2 |  212.0 |
       Dungeon |    424 |    424 |      0 |      0 |     37 |   2 |  212.0 |
               +--------+--------+--------+--------+--------+-----+--------+

Top non-repeatable levels by time:
     D:1: 339 daAuts
     D:2: 85 daAuts

Table legend:
 A = Kills in this place as a percentage of kills in entire the game.
 B = Kills by you in this place as a percentage of kills by you in the entire game.
 C = Kills by friends in this place as a percentage of kills by friends in the entire game.
 D = Other kills in this place as a percentage of other kills in the entire game.
 E = Experience gained in this place as a percentage of experience gained in the entire game.
 F = Experience gained in this place divided by the number of levels of this place that you have seen.
                   A       B       C       D       E      F
               +-------+-------+-------+-------+-------+----------------------
         Total | 100.0 | 100.0 |   N/A |   N/A | 100.0 |  43.0
       Dungeon | 100.0 | 100.0 |   N/A |   N/A | 100.0 |  43.0
               +-------+-------+-------+-------+-------+----------------------
